 Dungeon Crawl Stone Soup version 0.28.0-43-g3370ac3207 (webtiles) character file.

Game seed: 3395829363436907754

24 styxcanada the Sneak (level 2, 0/15 HPs)
             Began as a Spriggan Brigand on Mar 23, 2022.
             Killed from afar by Natasha (6 damage)
             ... with a magic dart
             ... on level 2 of the Dungeon.
             The game lasted 00:02:35 (1570 turns).

styxcanada the Sneak (Spriggan Brigand)             Turns: 1570, Time: 00:02:35

Health: 0/15       AC:  3    Str:  7    XL:     2   Next: 79%
Magic:  3/3        EV: 16    Int: 12    God:
Gold:   0          SH:  0    Dex: 16    Spells: 1/1 levels left

rFire   . . .      SeeInvis +   a - +2 dagger
rCold   . . .      Faith    .   (no shield)
rNeg    . . .      Spirit   .   b - +0 robe
rPois   .          Reflect  .   (helmet restricted)
rElec   .          Harm     .   c - +0 cloak
rCorr   .          Rampage  .   (gloves unavailable)
Will    .....                   (boots unavailable)
Stlth   ++++......              (no amulet)
HPRegen 0.05/turn               (no ring)
MPRegen 0.08/turn               (no ring)

@: very quick
A: very small, no large weapons, unfitting armour, see invisible, speed 3
a: no special abilities


You were on level 2 of the Dungeon.
You visited 1 branch of the dungeon, and saw 2 of its levels.

Inventory:

Hand Weapons
 a - a +2 dagger (weapon)
Missiles
 d - a poisoned dart (quivered)
 e - 2 curare-tipped darts
 f - 5 stones
 l - 2 boomerangs
Armour
 b - a +0 robe (worn)
 c - a +0 cloak (worn)
Jewellery
 h - a ring of ice
Scrolls
 g - a scroll of teleportation {unknown}
Potions
 i - a potion of haste {unknown}
 j - a potion of curing {unknown}
 k - a potion of flight {unknown}


   Skills:
 * Level 1.8 Fighting
 + Level 2.3 Short Blades
 + Level 2.0 Throwing
 * Level 1.6 Dodging
 * Level 6.8 Stealth


You had one spell level left.
You didn't know any spells.
Your spell library was empty.

Dungeon Overview and Level Annotations

Branches:
Dungeon (2/15)

Altars:

Annotations:
D:2 Natasha, Sigmund


Innate Abilities, Weirdness & Mutations

You are very small and have problems with some larger weapons.
You are too small for most types of armour.
You have supernaturally acute eyesight. (SInv)
You cover ground extremely quickly. (Speed+++)


Message History

You barely miss the hobgoblin.
The hobgoblin is lightly wounded.
The hobgoblin looks more healthy.
You hit the hobgoblin.
The hobgoblin is severely wounded.
The hobgoblin hits you.
You hit the hobgoblin.
You kill the hobgoblin!
You see here a hobgoblin corpse.
Natasha hisses angrily.
Throw: 5 darts (poison)
Press: ? - help, Q - select action, (/) - cycle Shift-Dir - straight line, f - Natasha
Aim: Natasha (53% to hit)
You throw a poisoned dart. The poisoned dart hits Natasha.
Natasha mumbles some strange words.
Unknown command.
Natasha casts a spell at you. You resist with some effort.
Throw: 4 darts (poison)
Press: ? - help, Q - select action, (/) - cycle Shift-Dir - straight line, f/p - Natasha
Aim: Natasha (53% to hit)
You throw a poisoned dart.
The poisoned dart closely misses Natasha.
Natasha howls an incantation.
You feel disoriented.
Throw: 3 darts (poison)
Press: ? - help, Q - select action, (/) - cycle Shift-Dir - straight line, f/p - Natasha
Aim: Natasha (53% to hit)
You throw a poisoned dart.
The poisoned dart closely misses Natasha.
Natasha mumbles some strange words.
Throw: 2 darts (poison)
Press: ? - help, Q - select action, (/) - cycle Shift-Dir - straight line, f/p - Natasha
Aim: Natasha (53% to hit)
You throw a poisoned dart. The poisoned dart hits Natasha.
Natasha is poisoned.
Unknown command.
You see here a hobgoblin corpse.
Natasha casts a spell at you. The magic dart hits you.
You die...

# #. ########
#.##+##......#
#............#
#............#
#............#
#.#..(.(.5.....#
..(..(.5.h.†@..###
.##.####.#....<..#
#.#####.#.# #.#
#.# # #.# #.# #.#
#.# #.# ..# #.#
###


You could see an iron imp (summoned), Natasha (poisoned) and a crimson imp
(summoned).

Vanquished Creatures
  An adder (D:2)
  A ball python (D:2)
  2 endoplasms
  2 giant cockroaches
  A hobgoblin (D:2)
  2 jackals (D:1)
  A quokka (D:1)
  A bat (D:1)
  A frilled lizard (D:1)
  2 rats
14 creatures vanquished.

Vanquished Creatures (others)
  3 fungi (D:1)
  2 plants (D:1)
5 creatures vanquished.

Grand Total: 19 creatures vanquished

Notes
Turn   | Place    | Note
-------+----------+-------------------------------------------
     0 | D:1      | styxcanada the Spriggan Brigand began the quest for the
                  | Orb.
     0 | D:1      | Reached XP level 1. HP: 10/10 MP: 2/2
   214 | D:1      | Reached skill level 6 in Stealth
   322 | D:1      | Found a faded altar of an unknown god.
   807 | D:1      | Reached XP level 2. HP: 15/15 MP: 3/3
  1262 | D:2      | Noticed Natasha
  1265 | D:2      | Noticed Sigmund
  1567 | D:2      | Noticed a crimson imp
  1570 | D:2      | Killed from afar by Natasha

Illustrated notes

Levels and vault maps discovered:
D:1:      lemuel_arrival_funnel, layout_basic,
          shapermc_ecumenical_altar_mp_urbaneastern,
          nicolae_figureground_sparkle
D:2:      layout_basic, uniq_natasha, uniq_sigmund

Skill      XL: |  1 |
---------------+----+-----
Stealth        | 6 |  6.8
Fighting       | |  1.8
Short Blades   | |  2.3
Throwing       | |  2.0
Dodging        | |  1.6

Action                   || total
-------------------------++-------
Melee: Dagger            ||    36
       Punch             ||     1
Throw: Dart              ||    10
 Stab: Sleeping          ||     3
Armor: Robe              ||     3
Dodge: Dodged            ||    22
